 Dungeon Crawl Stone Soup version 0.29.0-4-gdea44cf6ec (webtiles) character file.

Game seed: 2004023990438004497

3 qw the Sneak (level 1, 0/14 HPs)
             Began as a Gargoyle Delver on Sept 10, 2022.
             Slain by an iguana (5 damage)
             ... on level 4 of the Dungeon.
             The game lasted 00:00:05 (93 turns).

qw the Sneak (Gargoyle Delver)                        Turns: 93, Time: 00:00:05

Health: 0/14       AC:  5    Str: 15    XL:     1   Next: 50%
Magic:  1/1        EV: 11    Int: 10    God:
Gold:   0          SH:  0    Dex: 11    Spells: 0/0 levels left

rFire   . . .      SeeInvis .   a - +0 hand axe
rCold   . . .      Faith    .   (no shield)
rNeg    + . .      Spirit   .   b - +0 leather armour
rPois   inf        Reflect  .   (no helmet)
rElec   +          Harm     .   (no cloak)
rCorr   .          Rampage  .   (no gloves)
Will    .....                   (no boots)
Stlth   +++.......              (no amulet)
HPRegen 0.04/turn               (no ring)
MPRegen 0.07/turn               (no ring)

@: no status effects
A: sickness immunity, AC +2, negative energy resistance 1, electricity
resistance, torment resistance 1, petrification resistance
a: no special abilities


You were on level 4 of the Dungeon.
You visited 1 branch of the dungeon, and saw 2 of its levels.


Innate Abilities, Weirdness & Mutations

You are immune to sickness and miasma.
Your stone body is resilient. (AC +2)
You are immune to poison.
You resist negative energy. (rN+)
You are resistant to electric shocks. (rElec)
You are resistant to unholy torment.
You are immune to petrification.


   Skills:
 - Level 3.2 Fighting
 + Level 2.1 Axes
 - Level 1.5 Dodging
 - Level 5.4 Stealth


You couldn't memorise any spells.
You didn't know any spells.
Your spell library was empty.

Inventory:

Hand Weapons
 a - a +0 hand axe (weapon)
Armour
 b - a +0 leather armour (worn)
Wands
 g - a wand of digging (3)
Potions
 f - a potion of haste

Dungeon Overview and Level Annotations

Branches:
Dungeon (5/15)             Temple (0/1) D:4

Altars:


Message History

You hit the iguana. You punch the iguana.
The iguana is heavily wounded.
The iguana closely misses you.
You hit the iguana.
The iguana is heavily wounded.
You hit the hobgoblin. The iguana barely misses you.
An orc comes into view. It is wielding a +0 dagger.
The hobgoblin barely misses you.
The iguana splashes around in the water.
You barely miss the hobgoblin.
The hobgoblin is almost dead.
You closely miss the iguana.
The orc shouts!
The hobgoblin hits you.
A giant cockroach comes into view.
The iguana bites you but does no damage.
You hit the hobgoblin.
You kill the hobgoblin!
You hit the iguana but do no damage.
An orc wizard comes into view. It is wielding a +0 dagger.
The iguana splashes around in the water.
An orc comes into view. It is wielding a +2 dagger of venom.
The orc closely misses you.
The orc wizard shouts!
The orc shouts!
You hit the iguana.
The iguana is severely wounded.
You barely miss the orc. x2
The iguana barely misses you. The orc hits you with a +4 dagger.
The orc hits you with a +0 club.
You hit the iguana.
The iguana is almost dead.
You barely miss the orc. x2
The iguana closely misses you. The orc barely misses you.
The orc hits you but does no damage.
You hit the iguana but do no damage.
The iguana is almost dead.
You barely miss the orc. You hit the orc but do no damage.
The iguana bites you.
You die...

.. #. .# #. # ..#.
..##.#. .oo....###
#### #
#...B...###...#.
#...oo..¤~~.....
##....o@l¤¤~~.#
#.#..#.¤¤¤¤¤¤~#
.....##~¤¤>~¤~# .
...##~¤¤~¤¤¤##. #
#..##.~¤¤~~..... #..
#..##..~¤~).##.#
....###..####..#.###.
.............).......
.......>...#####.####


You could see an iguana, an orc wizard, 4 orcs and a giant cockroach.

Vanquished Creatures
  A goblin (D:4)
  A hobgoblin (D:4)
  A kobold (D:4)
3 creatures vanquished.

Notes
Turn   | Place    | Note
-------+----------+-------------------------------------------
     0 | D:5      | qw the Gargoyle Delver began the quest for the Orb.
     0 | D:5      | Reached XP level 1. HP: 14/14 MP: 1/1
     0 | D:5      | 0 ||| qw: Version: 0.1-a-116-g5d60599
     0 | D:5      | 0 ||| qw: Game counter: 8560
     0 | D:5      | 0 ||| qw: Always use a shield: true
     0 | D:5      | 0 ||| qw: God list: Okawaru
     0 | D:5      | 0 ||| qw: Allow faded altars: false
     0 | D:5      | 0 ||| qw: Do Orc after D:15 true
     0 | D:5      | 0 ||| qw: Do second Lair branch before Depths: true
     0 | D:5      | 0 ||| qw: Lair rune preference: random
     0 | D:5      | 0 ||| qw: Plans: Normal
     0 | D:5      | 0 ||| PLANNING D:1-11
    34 | D:5      | 34 ||| DROPPING scroll of fog.
    35 | D:5      | 35 ||| DROPPING scroll of magic mapping.
    36 | D:5      | 36 ||| DROPPING scroll of fear.
    50 | D:4      | Found a staircase to the Ecumenical Temple.
    51 | D:4      | 51 ||| PLANNING TEMPLE
    54 | D:4      | 54 ||| Stepping ~*~*~tactically~*~*~ (stealth).
    61 | D:4      | 61 ||| Stepping ~*~*~tactically~*~*~ (stealth).
    64 | D:4      | 64 ||| Stepping ~*~*~tactically~*~*~ (stealth).
    66 | D:4      | 66 ||| Stepping ~*~*~tactically~*~*~ (stealth).
    68 | D:4      | 68 ||| Stepping ~*~*~tactically~*~*~ (stealth).
    70 | D:4      | 70 ||| Stepping ~*~*~tactically~*~*~ (stealth).
    72 | D:4      | 72 ||| Stepping ~*~*~tactically~*~*~ (stealth).
    74 | D:4      | 74 ||| Stepping ~*~*~tactically~*~*~ (stealth).
    76 | D:4      | 76 ||| Stepping ~*~*~tactically~*~*~ (stealth).
    80 | D:4      | Noticed an iguana
    83 | D:4      | 83 ||| Stepping ~*~*~tactically~*~*~ (water).
    90 | D:4      | Noticed an orc wizard
    93 | D:4      | Slain by an iguana

Levels and vault maps discovered:
D:4:      layout_basic, minmay_temple_entry_mist, serial_shops, kennysheep_mini,
          nrook_mini_backslash
D:5:      layout_gridville, mainiacjoe_overflow_surrounded_room,
          gammafunk_ghost_necromancy, nicolae_ossuary_entry_ruins

Skill      XL: |  1 |
---------------+----+-----
Axes           | 2 |  2.1
Fighting       | |  3.2
Dodging        | |  1.5
Stealth        | |  5.4

Action                   || total
-------------------------++-------
Melee: Hand axe          ||    11
       Punch             ||     2
Armor: Leather armour    ||     3
Dodge: Dodged            ||    10

Table legend:
 A = Non-vault XP
 B = Vault XP
 C = Vault XP percentage of total XP
 D = Non-vault monster count
 E = Vault monster count
 F = Vault count percentage of total count
                 A         B        C        D         E       F
            +---------+---------+-------+---------+---------+-------
      Total |       5 |       0 |   0.0 |       3 |       0 |   0.0
            +---------+---------+-------+---------+---------+-------
        D:4 |       5 |       0 |   0.0 |       3 |       0 |   0.0
            +---------+---------+-------+---------+---------+-------
